 Dungeon Crawl Stone Soup version 0.25-a0-464-g3004169c2b (webtiles) character file.

Game seed: 12098683922183960315, levelgen mode: deterministic

8571 ReteAZ the Protected (level 11, -6/81 HPs)
             Began as a Gnoll Wanderer on Feb 4, 2020.
             Was a High Priest of Cheibriados.
             Mangled by a two-headed ogre
             ... wielding a +0 giant spiked club
              (19 damage)
             ... on level 11 of the Dungeon.
             The game lasted 00:20:23 (13199 turns).

ReteAZ the Protected (Gnoll Wanderer)              Turns: 13199, Time: 00:20:23

Health: -6/81      AC: 18    Str: 30    XL:     11   Next: 33%
Magic:  20/20      EV: 14    Int: 28    God:    Cheibriados [*****.]
Gold:   604        SH:  0    Dex: 22    Spells: 22/22 levels left

rFire    . . .     SeeInvis .   O - +2 whip (freeze)
rCold    . . .     Gourm    .   (no shield)
rNeg     . . .     Faith    .   h - +0 plate armour
rPois    .         Spirit   .   E - +2 helmet
rElec    .         Reflect  .   (no cloak)
rCorr    .         Harm     .   (no gloves)
MR       .....                  (no boots)
Stlth    ..........             (no amulet)
HPRegen  0.23/turn              (no ring)
MPRegen  0.17/turn              (no ring)

@: very slow
A: distributed training, fangs 1, strong nose
a: Bend Time, Temporal Distortion, Slouch, Step From Time, Renounce Religion


You were on level 11 of the Dungeon.
You worshipped Cheibriados.
Cheibriados was extremely pleased with you.
You were not hungry.

You visited 1 branch of the dungeon, and saw 11 of its levels.
You also visited: Sewer.

You collected 604 gold pieces.

Inventory:

Hand Weapons
 a - a +0 mace
 c - a +2 quarterstaff of protection
 d - a +0 dagger
 r - a +2 vorpal mace
 O - a +2 whip of freezing (weapon)
 P - a +4 whip of draining
Missiles
 Q - 11 boomerangs (quivered)
Armour
 b - a +2 scale mail
 h - a +0 plate armour (worn)
 y - a +2 robe of magic resistance
 E - a +2 helmet (worn)
Magical Staves
 u - an uncursed staff of poison {unknown}
 A - an uncursed staff of cold {unknown}
Jewellery
 B - an uncursed ring of resist corrosion
Wands
 p - a wand of enslavement (24)
 F - a wand of acid (10)
 G - a wand of digging (4)
 I - a wand of scattershot (6)
 J - a wand of iceblast (22)
 L - a wand of flame (14)
Scrolls
 e - 9 scrolls of teleportation
 j - 2 scrolls of magic mapping
 k - 2 scrolls of random uselessness {unknown}
 l - 5 scrolls of amnesia {unknown}
 m - 3 scrolls of remove curse
 n - 2 scrolls of enchant armour {unknown}
 o - 3 scrolls of blinking
 s - 2 scrolls of noise {unknown}
 w - 3 scrolls of fear {unknown}
 D - a scroll of enchant weapon {unknown}
Potions
 g - a potion of degeneration
 i - 5 potions of flight
 q - 3 potions of curing
 t - 3 potions of resistance
 v - 3 potions of heal wounds
 x - a potion of brilliance
 z - 2 potions of lignification
 C - 2 potions of magic {unknown}
 H - a potion of berserk rage {unknown}
 K - a potion of agility {unknown}
 M - a potion of ambrosia {unknown}
Comestibles
 f - 28 rations


   Skills:
 + Level 6.1 Fighting
 + Level 6.1 Short Blades
 + Level 6.6 Long Blades
 + Level 6.1 Axes
 + Level 6.1 Maces & Flails
 + Level 6.1 Polearms
 + Level 6.1 Staves
 + Level 6.1 Slings
 + Level 6.1 Bows
 + Level 6.6 Crossbows
 + Level 6.1 Throwing
 + Level 10.4 Armour
 + Level 7.7 Dodging
 + Level 7.4 Stealth
 + Level 6.1 Shields
 + Level 6.1 Unarmed Combat
 + Level 6.1 Spellcasting
 + Level 5.0 Conjurations
 + Level 5.0 Hexes
 + Level 5.0 Charms
 + Level 5.0 Summonings
 + Level 5.0 Necromancy
 + Level 5.0 Translocations
 + Level 5.0 Transmutations
 + Level 5.0 Fire Magic
 + Level 5.0 Ice Magic
 + Level 5.0 Air Magic
 + Level 5.0 Earth Magic
 + Level 5.0 Poison Magic
 + Level 6.7 Invocations
 + Level 6.1 Evocations


You had 22 spell levels left.
You didn't know any spells.
Your spell library contained the following spells:

 Spells                   Type           Power        Failure   Level  Hunger
 Apportation              Tloc           #####.       5%          1    None
 Foxfire                  Conj/Fire      ####         5%          1    None
 Summon Butterflies       Summ           #####...     5%          1    None
 Conjure Flame            Conj/Fire      #####...     16%         3    None
 Inner Flame              Hex/Fire       #####...     16%         3    None
 Lesser Beckoning         Tloc           #####.....   16%         3    None
 Tukima's Dance           Hex            #####...     16%         3    None
 Sticky Flame             Conj/Fire      #####...     45%         4    ###....
 Alistair's Intoxication  Tmut/Pois      #####...     82%         5    #####..
 Fireball                 Conj/Fire      #####.....   82%         5    #####..
 Invisibility             Hex            #####...     100%        6    ######.


Dungeon Overview and Level Annotations

Branches:
Dungeon (11/15)            Temple (0/1) D:6             Orc (0/2) D:10
  Sewer (visited)
   Lair: D:8-11

Altars:
Cheibriados
Dithmenos
Sif Muna
Uskayaw
Vehumet
Wu Jian
Xom

Shops:
D:7 =

Annotations:
D:3 2 runed translucent doors, wullow85's ghost, amateur MfVM


Innate Abilities, Weirdness & Mutations

Your experience applies equally to all skills.
You have very sharp teeth.
Your uncanny sense of smell can sniff out nearby items.


Message History

The two-headed ogre is severely wounded.
Throwing (i - inventory)
Q - 11 boomerangs (quivered)
Press: ? - help, Shift-Dir - straight line, f - two-headed ogre
Aim: a two-headed ogre, wielding a +0 giant spiked club and a +0 giant club (severely wounded)
You throw a boomerang. The boomerang hits the two-headed ogre.
The two-headed ogre is severely wounded.
The two-headed ogre misses you.
The two-headed ogre hits you but does no damage.
You barely miss the two-headed ogre.
The two-headed ogre is severely wounded.
You hit the two-headed ogre. You freeze the two-headed ogre.
You bite the two-headed ogre.
The two-headed ogre is almost dead.
The two-headed ogre barely misses you.
The two-headed ogre hits you but does no damage.
You barely miss the two-headed ogre.
The two-headed ogre is almost dead.
The two-headed ogre barely misses you.
The two-headed ogre hits you with a +0 giant club!!
You die...

#..# #..#
#..# #..#
#..# #..#
#..# #..#
#.@#
#..O....#
#.........
#..###....
#..# ..#
#..# .#
#..# #
...#


You could see a two-headed ogre.

Vanquished Creatures
  Erolcha (D:10)
  A two-headed ogre (D:10)
  Pikel (D:8)
  A troll (D:8)
  Grinder (D:5)
  A hornet (D:7)
  Prince Ribbit (D:8)
  A hippogriff (D:7)
  3 hungry ghosts
  A warg (D:10)
  A water moccasin (D:10)
  Duvessa (D:5)
  A slave (D:8)
  3 orc warriors (D:10)
  2 phantoms
  2 ice beasts
  2 sky beasts (D:10)
  2 black bears
  4 ogres
  5 centaurs
  2 big kobolds
  Blork the orc (D:6)
  7 bullfrogs
  A gnoll sergeant (D:9)
  Dowan (D:5)
  6 killer bees
  A howler monkey (D:6)
  2 vampire bats (D:5)
  A centaur zombie (D:6)
  2 crimson imps
  A bullfrog zombie (D:8)
  8 hounds
  3 jellies
  3 quasits
  A bullfrog skeleton (D:5)
  2 centaur skeletons
  A gnoll shaman (D:8)
  12 orc priests
  7 iguanas
  A merfolk siren (Sewer)
  7 orc wizards
  8 worker ants
  2 hound skeletons
  14 gnolls
  19 adders
  3 river rats
  6 shadow imps
  An ooze (D:3)
  An adder zombie (D:7)
  4 adder skeletons
  5 worms
  3 dart slugs
  10 leopard geckos
  36 orcs
  8 giant cockroaches
  9 goblins
  14 hobgoblins
  3 jackals
  19 kobolds
  2 quokkas
  7 ball pythons
  14 bats
  7 frilled lizards
  A leopard gecko skeleton (D:5)
  A leopard gecko zombie (D:6)
  A quokka skeleton (D:2)
  28 rats
331 creatures vanquished.

Vanquished Creatures (others)
  A slave (D:8)
  An orc wizard (D:5)
2 creatures vanquished.

Grand Total: 333 creatures vanquished

Notes
Turn   | Place    | Note
-------+----------+-------------------------------------------
     0 | D:1      | ReteAZ the Gnoll Wanderer began the quest for the Orb.
     0 | D:1      | ReteAZ set off with the following items: a +0 mace, a +2
                  | scale mail, a potion of curing, a +0 dagger, a ration
     0 | D:1      | Reached XP level 1. HP: 13/13 MP: 1/1
   288 | D:1      | Reached XP level 2. HP: 18/19 MP: 2/2
  1290 | D:2      | Reached XP level 3. HP: 11/25 MP: 3/3
  1334 | D:1      | HP: 1/25 [adder (1)]
  1603 | D:1      | Reached skill level 1 in Invocations
  1948 | D:2      | Reached skill level 1 in Fighting
  1948 | D:2      | Reached skill level 1 in Short Blades
  1948 | D:2      | Reached skill level 1 in Axes
  1948 | D:2      | Reached skill level 1 in Maces & Flails
  1948 | D:2      | Reached skill level 1 in Polearms
  1948 | D:2      | Reached skill level 1 in Staves
  1948 | D:2      | Reached skill level 1 in Slings
  1948 | D:2      | Reached skill level 1 in Bows
  1948 | D:2      | Reached skill level 1 in Throwing
  1948 | D:2      | Reached skill level 1 in Shields
  1948 | D:2      | Reached skill level 1 in Unarmed Combat
  1948 | D:2      | Reached skill level 1 in Spellcasting
  1948 | D:2      | Reached skill level 1 in Evocations
  2010 | D:2      | Reached XP level 4. HP: 28/32 MP: 5/5
  2360 | D:2      | Reached skill level 1 in Conjurations
  2360 | D:2      | Reached skill level 1 in Hexes
  2360 | D:2      | Reached skill level 1 in Charms
  2360 | D:2      | Reached skill level 1 in Summonings
  2360 | D:2      | Reached skill level 1 in Necromancy
  2360 | D:2      | Reached skill level 1 in Translocations
  2360 | D:2      | Reached skill level 1 in Transmutations
  2360 | D:2      | Reached skill level 1 in Fire Magic
  2360 | D:2      | Reached skill level 1 in Ice Magic
  2360 | D:2      | Reached skill level 1 in Air Magic
  2360 | D:2      | Reached skill level 1 in Earth Magic
  2360 | D:2      | Reached skill level 1 in Poison Magic
  2719 | D:3      | Reached XP level 5. HP: 8/37 MP: 6/6
  2911 | D:3      | Found a glowing drain.
  2918 | Sewer    | Entered a sewer
  3422 | Sewer    | Noticed a malarious merfolk avatar
  3665 | D:3      | Reached XP level 6. HP: 44/44 MP: 8/8
  3762 | D:3      | Found a snail-covered altar of Cheibriados.
  3793 | D:3      | Became a worshipper of Cheibriados the Contemplative
  3829 | D:3      | Found a large runed translucent door.
  3829 | D:3      | Found a large runed translucent door.
  3829 | D:3      | Noticed wullow85's ghost (amateur MfVM)
  3904 | D:3      | Reached skill level 5 in Dodging
  4418 | D:3      | Reached * piety under Cheibriados
  5053 | D:4      | Reached XP level 7. HP: 43/50 MP: 10/10
  6094 | D:5      | Entered Level 5 of the Dungeon
  6225 | D:5      | Found a shimmering blue altar of Sif Muna.
  6389 | D:5      | Noticed Dowan
  6412 | D:4      | Reached ** piety under Cheibriados
  6626 | D:5      | Noticed Duvessa
  6639 | D:5      | Killed Duvessa
  6639 | D:5      | Reached skill level 9 in Armour
  6639 | D:5      | Reached skill level 5 in Stealth
  6648 | D:5      | Killed Dowan
  6735 | D:5      | Reached XP level 8. HP: 55/57 MP: 12/12
  6769 | D:5      | Noticed Grinder
  6782 | D:5      | Killed Grinder
  7048 | D:5      | Found a hide-covered altar of Uskayaw.
  7093 | D:5      | Reached *** piety under Cheibriados
  7489 | D:6      | Found a staircase to the Ecumenical Temple.
  7578 | D:6      | Reached XP level 9. HP: 42/65 MP: 14/14
  7765 | D:6      | Reached **** piety under Cheibriados
  7877 | D:6      | Found a shimmering altar of Xom.
  7878 | D:6      | Noticed Blork the orc
  7890 | D:6      | Killed Blork the orc
  8155 | D:7      | Reached skill level 5 in Long Blades
  8155 | D:7      | Reached skill level 5 in Crossbows
  8312 | D:7      | Found Puequuku's Jewellery Boutique.
  8416 | D:7      | Noticed a hornet
  8425 | D:7      | Paralysed by a hornet for 1 turns
  8428 | D:7      | Killed a hornet
  8818 | D:7      | Reached skill level 5 in Invocations
  9043 | D:7      | Got a sheer robe
  9053 | D:7      | Reached XP level 10. HP: 73/73 MP: 15/17
  9166 | D:7      | Reached ***** piety under Cheibriados
  9543 | D:8      | Reached skill level 5 in Fighting
  9543 | D:8      | Reached skill level 5 in Short Blades
  9543 | D:8      | Reached skill level 5 in Axes
  9543 | D:8      | Reached skill level 5 in Maces & Flails
  9543 | D:8      | Reached skill level 5 in Polearms
  9543 | D:8      | Reached skill level 5 in Staves
  9543 | D:8      | Reached skill level 5 in Slings
  9543 | D:8      | Reached skill level 5 in Bows
  9543 | D:8      | Reached skill level 5 in Throwing
  9543 | D:8      | Reached skill level 5 in Shields
  9543 | D:8      | Reached skill level 5 in Unarmed Combat
  9543 | D:8      | Reached skill level 5 in Spellcasting
  9543 | D:8      | Reached skill level 5 in Evocations
  9906 | D:8      | Noticed Pikel
  9907 | D:8      | Noticed Prince Ribbit
  9916 | D:8      | Killed Pikel
  9916 | D:8      | Reached skill level 10 in Armour
  9926 | D:8      | Killed Prince Ribbit
 10346 | D:8      | Found a radiant altar of Vehumet.
 10622 | D:8      | Identified the +2 robe of Inference {Str+4 Dex+3} (You
                  | found it on level 7 of the Dungeon)
 11110 | D:9      | Found a shadowy altar of Dithmenos.
 11447 | D:9      | Found an ornate altar of the Wu Jian Council.
 11698 | D:10     | Entered Level 10 of the Dungeon
 12171 | D:10     | Reached XP level 11. HP: 79/81 MP: 19/19
 12406 | D:10     | Found a staircase to the Orcish Mines.
 12439 | D:10     | Noticed Erolcha
 12465 | D:10     | Killed Erolcha
 12713 | D:10     | Noticed a two-headed ogre
 12731 | D:10     | Killed a two-headed ogre
 12731 | D:10     | Reached skill level 5 in Conjurations
 12731 | D:10     | Reached skill level 5 in Hexes
 12731 | D:10     | Reached skill level 5 in Charms
 12731 | D:10     | Reached skill level 5 in Summonings
 12731 | D:10     | Reached skill level 5 in Necromancy
 12731 | D:10     | Reached skill level 5 in Translocations
 12731 | D:10     | Reached skill level 5 in Transmutations
 12731 | D:10     | Reached skill level 5 in Fire Magic
 12731 | D:10     | Reached skill level 5 in Ice Magic
 12731 | D:10     | Reached skill level 5 in Air Magic
 12731 | D:10     | Reached skill level 5 in Earth Magic
 12731 | D:10     | Reached skill level 5 in Poison Magic
 13187 | D:11     | Noticed a two-headed ogre
 13199 | D:11     | Mangled by a two-headed ogre

Levels and vault maps discovered:
D:1:      mrwooster_arrival_statue_2, layout_basic
D:2:      minmay_angry_zag, layout_rooms
D:3:      layout_basic, cheibriados_altar_1, ebering_ghost_disaster_area,
          portal_sewer_entry_b
D:4:      layout_basic, minmay_pentangle
D:5:      layout_gridville, lemuel_crystal_altar, led_sif_book, first_ration,
          roderic_batcave, uniq_grinder, uniq_duvessa
D:6:      layout_rooms, overflow_temple_1_default, minmay_temple_entry_slanted,
          uniq_blork_the_orc
D:7:      kennysheep_six_static_rooms, layout_basic, serial_shops,
          nicolae_shop_statue_plus, kennysheep_generic_room_12
D:8:      layout_basic, kennysheep_mini, uniq_pikel, uniq_prince_ribbit1
D:9:      layout_long_grid, overflow_temple_1_default, blue_anna_alchemist
          [blue_anna_fruit_fields, blue_anna_fruit_fields],
          nicolae_dithmenos_shadow_blocks
D:10:     layout_loops_ring, erik_orc_4, minmay_crystal_water, uniq_erolcha
D:11:     layout_long_grid, dpeg_lair_monsters

Skill      XL: |  1  2  3  4  5  6  7  8  9 10 11 |
---------------+----------------------------------+-----
Invocations    | 1 2 3 4 5 6 |  6.7
Fighting       | 1 2 3 4 5 6 |  6.1
Short Blades   | 1 2 3 4 5 6 |  6.1
Axes           | 1 2 3 4 5 6 |  6.1
Maces & Flails | 1 2 3 4 5 6 |  6.1
Polearms       | 1 2 3 4 5 6 |  6.1
Staves         | 1 2 3 4 5 6 |  6.1
Slings         | 1 2 3 4 5 6 |  6.1
Bows           | 1 2 3 4 5 6 |  6.1
Throwing       | 1 2 3 4 5 6 |  6.1
Shields        | 1 2 3 4 5 6 |  6.1
Unarmed Combat | 1 2 3 4 5 6 |  6.1
Spellcasting   | 1 2 3 4 5 6 |  6.1
Evocations     | 1 2 3 4 5 6 |  6.1
Conjurations   | 1 2 3 4 5 |  5.0
Hexes          | 1 2 3 4 5 |  5.0
Charms         | 1 2 3 4 5 |  5.0
Summonings     | 1 2 3 4 5 |  5.0
Necromancy     | 1 2 3 4 5 |  5.0
Translocations | 1 2 3 4 5 |  5.0
Transmutations | 1 2 3 4 5 |  5.0
Fire Magic     | 1 2 3 4 5 |  5.0
Ice Magic      | 1 2 3 4 5 |  5.0
Air Magic      | 1 2 3 4 5 |  5.0
Earth Magic    | 1 2 3 4 5 |  5.0
Poison Magic   | 1 2 3 4 5 |  5.0
Long Blades    | 3 4 5 6 |  6.6
Crossbows      | 3 4 5 6 |  6.6
Dodging        | 5 6 7 |  7.7
Armour         | 9 10 | 10.4
Stealth        | 5 6 7 |  7.4

Action                   |  1- 3 |  4- 6 |  7- 9 | 10-12 || total
-------------------------+-------+-------+-------+-------++-------
Melee: Mace              |   143 |   131 |       |       ||   274
       Bite              |    15 |    37 |    59 |    93 ||   204
       Punch             |       |     2 |       |     8 ||    10
       Quarterstaff      |       |   250 |   365 |   111 ||   726
       Whip              |       |       |       |   281 ||   281
Throw: Throwing net      |       |       |       |     1 ||     1
       Boomerang         |       |       |       |     1 ||     1
Invok: Slouch            |       |       |       |     5 ||     5
  Use: Potion            |     1 |     3 |     1 |       ||     5
       Scroll            |       |     1 |     3 |     7 ||    11
 Stab: Sleeping          |       |     1 |     1 |     4 ||     6
       Distracted        |       |     1 |       |       ||     1
  Eat: Chunk             |     4 |     9 |     7 |    12 ||    32
Armor: Scale mail        |   124 |   230 |   208 |     5 ||   567
       Plate armour      |       |       |       |   118 ||   118
       Ring mail         |       |       |       |    40 ||    40
Dodge: Dodged            |   130 |   289 |   375 |   283 ||  1077

Table legend:
 A = Non-vault XP
 B = Vault XP
 C = Vault XP percentage of total XP
 D = Non-vault monster count
 E = Vault monster count
 F = Vault count percentage of total count
                 A         B        C        D         E       F
            +---------+---------+-------+---------+---------+-------
      Total |    8332 |    3913 |  32.0 |     238 |      93 |  28.1
            +---------+---------+-------+---------+---------+-------
        D:1 |      58 |       0 |   0.0 |      21 |       0 |   0.0
        D:2 |      87 |       6 |   6.5 |      30 |       4 |  11.8
        D:3 |     289 |      36 |  11.1 |      38 |       6 |  13.6
        D:4 |     153 |      76 |  33.2 |       7 |       4 |  36.4
        D:5 |     600 |     633 |  51.3 |      26 |      11 |  29.7
        D:6 |     867 |      96 |  10.0 |      23 |       1 |   4.2
        D:7 |    1547 |     417 |  21.2 |      21 |       6 |  22.2
        D:8 |    1530 |     837 |  35.4 |      27 |       2 |   6.9
        D:9 |     775 |     104 |  11.8 |      19 |       1 |   5.0
       D:10 |    2426 |    1589 |  39.6 |      26 |      19 |  42.2
      Sewer |       0 |     119 | 100.0 |       0 |      39 | 100.0
            +---------+---------+-------+---------+---------+-------
